 Dungeon Crawl Stone Soup version 0.29-a0-322-g68df515428 (webtiles) character file.

Game seed: 17012916597005395409

3863 Gildeon the Basher (level 10, -1/59 HPs)
             Began as a Gargoyle Fighter on Apr 6, 2022.
             Was a Follower of the Shining One.
             Slain by Psyche
             ... wielding a +0 dagger of distortion
              (5 damage)
             ... on level 8 of the Dungeon.
             The game lasted 00:16:13 (8577 turns).

Gildeon the Basher (Gargoyle Fighter)               Turns: 8577, Time: 00:16:14

Health: -1/59      AC: 12    Str: 21    XL:     10   Next: 19%
Magic:  10/10      EV: 21    Int: 10    God:    the Shining One [*.....]
Gold:   653        SH:  0    Dex: 17    Spells: 6/9 levels left

rFire   . . .      SeeInvis .   (weapon currently unavailable)
rCold   . . .      Faith    .   (shield currently unavailable)
rNeg    + + +      Spirit   .   (body armour currently unavailable)
rPois   ∞          Reflect  .   (helmet currently unavailable)
rElec   .          Harm     .   (cloak currently unavailable)
rCorr   .          Rampage  .   (gloves currently unavailable)
Will    .....                   (boots currently unavailable)
Stlth   +.........              t - amulet of magic regeneration
HPRegen 0.19/turn               p - +6 ring of dexterity
MPRegen 0.52/turn               (no ring)

@: about to teleport, fungus-form (expiring), glowing, studying Necromancy
A: melee confuse, terrified, no casting, sickness immunity, AC +7, tiny,
negative energy resistance 1, (electricity resistance), torment resistance 1,
petrification resistance
a: Renounce Religion, Divine Shield


You were on level 8 of the Dungeon.
You worshipped the Shining One.
The Shining One was aware of your devotion.
You were a sentient fungus.
You visited 2 branches of the dungeon, and saw 9 of its levels.

You collected 653 gold pieces.

Inventory:

Hand Weapons
 a - a +0 flail (melded)
Armour
 c - a +0 buckler (melded)
 f - a +2 chain mail of fire resistance (melded)
 g - a +0 pair of boots (melded)
 A - a +0 pair of gloves (melded)
 C - a +0 cloak (melded)
Jewellery
 p - a +6 ring of dexterity (left hypha)
 t - an amulet of magic regeneration (around neck)
 J - a ring of willpower
Wands
 F - a wand of flame (24)
 G - a wand of charming (9)
Scrolls
 e - 2 scrolls of fear
 h - a scroll of blinking {unknown}
 i - 4 scrolls of teleportation
 k - 2 scrolls of fog {unknown}
 l - 3 scrolls of identify {unknown}
 o - 2 scrolls of vulnerability {unknown}
 q - a scroll of noise {unknown}
 s - 2 scrolls of amnesia
 x - a scroll of immolation {unknown}
 y - a scroll of silence {unknown}
 z - a scroll of torment {unknown}
Potions
 b - 7 potions of curing {unknown}
 d - a potion of might
 j - 4 potions of haste {unknown}
 m - a potion of heal wounds {unknown}
 n - a potion of brilliance {unknown}
 r - a potion of flight {unknown}
 u - 3 potions of resistance {unknown}
 v - a potion of mutation {unknown}
 w - a potion of berserk rage {unknown}
 B - a potion of ambrosia {unknown}
 D - 2 potions of degeneration {unknown}
 E - a potion of invisibility {unknown}
 H - 2 potions of attraction {unknown}
 I - a potion of cancellation {unknown}


   Skills:
 - Level 5.0 Fighting
 * Level 12.3 Maces & Flails
 - Level 5.0 Armour
 + Level 3.7 Dodging
 - Level 5.0 Shields


You had 6 spell levels left.
You knew the following spells:

 Your Spells              Type           Power      Damage    Failure   Level
a - Mephitic Cloud        Conj/Pois/Air  0%         N/A       75%         3

Your spell library contained the following spells:

 Spells                   Type           Power      Damage    Failure   Level
 Beastly Appendage        Tmut           0%         N/A       36%         1
 Freeze                   Ice            0%         1d3       36%         1
 Wereblood                Tmut           0%         N/A       50%         2
 Call Canine Familiar     Summ           0%         N/A       75%         3
 Frozen Ramparts          Ice            0%         1d2       75%         3
 Ignite Poison            Fire/Tmut/Pois 0%         N/A       75%         3
 Portal Projectile        Hex/Tloc       0%         N/A       75%         3
 Spider Form              Tmut/Pois      0%         N/A       75%         3
 Hailstorm                Conj/Ice       0%         3d3       98%         4
 Leda's Liquefaction      Hex/Erth       0%         N/A       98%         4
 Freezing Cloud           Conj/Ice/Air   0%         6-21      100%        5
 Lightning Bolt           Conj/Air       0%         1d11      100%        5
 Storm Form               Tmut/Air       0%         N/A       100%        7


Dungeon Overview and Level Annotations

Branches:
Dungeon (8/15)             Temple (1/1) D:4
   Lair: D:8-11

Altars:
Ashenzari
Cheibriados
Dithmenos
Fedhas
Gozag
Hepliaklqana
Kikubaaqudgha
Makhleb
Nemelex Xobeh
Okawaru
Qazlal
Ru
Sif Muna
Trog
Uskayaw
Vehumet
Wu Jian
Xom
Yredelemnul
Zin
The Shining One

Annotations:
D:8 Psyche


Innate Abilities, Weirdness & Mutations

You are a sentient fungus.
You are tiny and evasive.
Your melee attack releases spores that confuse breathing creatures.
You become terrified and freeze when enemies are visible.
Your armour is entirely melded.
You are incapable of wielding weapons or throwing items.
You cannot cast spells.
You are immune to sickness and miasma.
((Your stone body is resilient. (AC +7)))
You are immune to poison.
You resist negative energy. (rN+)
((You are resistant to electric shocks. (rElec)))
You are resistant to unholy torment.
You are immune to petrification.


Message History

The arc of chaos hits you but does no damage.
You resist. Psyche misses you. Psyche misses you.
Psyche hits you but does no damage. Space warps around you.
Psyche hits you with a +0 dagger of distortion.
Space warps around you.
Psyche gestures wildly while chanting.
A swirling arc of seething chaos appears!
The arc of chaos hits you.
The arc of chaos hits you but does no damage.
Psyche hits you but does no damage. Space warps around you.
* * * LOW HITPOINT WARNING * * *
Psyche gestures wildly while chanting.
A swirling arc of seething chaos appears!
The arc of chaos hits you.
* * * LOW HITPOINT WARNING * * *
Psyche miscasts a cantrip.
Psyche screams, "YOU ARE VIOLATING AREA SECURITY!!!"
Psyche closely misses you. Psyche hits you but does no damage.
You blink.
You hear some strange, mumbled words.
A swirling arc of seething chaos appears!
An arc of chaos appears from out of thin air!
Deactivating autopickup; reactivate with Ctrl-A.
The arc of chaos hits you but does no damage.
Your transformation is almost over.
Psyche miscasts a cantrip.
Psyche completely misses you. Psyche completely misses you.
Psyche laughs secretively.
Psyche hits you with a +0 dagger of distortion.
* * * LOW HITPOINT WARNING * * *
Space warps around you.
* * * LOW HITPOINT WARNING * * *
Psyche misses you.
Psyche looks satisfied for a moment.
As you read the scroll of teleportation, it crumbles to dust.
You feel strangely unstable.
Psyche hits you with a +0 dagger of distortion.
You die...

# ## ##. ##. ....#..
#......## ########
#.......### ##.......
#....f..# #......§.
#.#..@..## #....§≈§≈
.#......# ##..#§≈§§.
......).####...#§§§≈.
...#.#.....##...#.≈.≈.
#...###.........##.≈.≈.
...# #..........##.§.≈.
... #...........#.§.≈≈
#......(....#.≈...


You could see Psyche (invisible).

Vanquished Creatures
  Grinder (D:6)
  4 yaks (D:7)
  A wyvern (D:8)
  A wraith (D:7)
  3 water moccasins
  2 orc warriors
  A black bear (D:7)
  2 sky beasts (D:6)
  An ogre (D:5)
  The ghost of Tribosh the Shooter, an amateur DsHu (D:4)
  A phantom (D:6)
  3 centaurs
  A kobold brigand (D:7)
  3 bullfrogs
  4 scorpions
  2 necrophages
  6 killer bees (D:8)
  7 orc priests
  A hound (D:5)
  A jelly (D:7)
  3 iguanas
  2 orc wizards
  3 gnolls (D:8)
  11 adders
  A shadow imp (D:8)
  A white imp (D:5)
  2 dart slugs (D:2)
  19 orcs
  5 bats
  11 endoplasms
  2 giant cockroaches
  9 hobgoblins
  10 jackals
  18 kobolds
  6 quokkas
  7 ball pythons
  2 frilled lizards (D:1)
  6 goblins
  5 rats
169 creatures vanquished.

Vanquished Creatures (others)
  2 orcs (D:7)
2 creatures vanquished.

Grand Total: 171 creatures vanquished

Notes
Turn   | Place    | Note
-------+----------+-------------------------------------------
     0 | D:1      | Gildeon the Gargoyle Fighter began the quest for the Orb.
     0 | D:1      | Reached XP level 1. HP: 14/14 MP: 1/1
   328 | D:1      | Reached XP level 2. HP: 19/19 MP: 2/2
   708 | D:1      | Reached skill level 3 in Maces & Flails
   798 | D:1      | Found a faded altar of an unknown god.
  1146 | D:2      | Reached XP level 3. HP: 21/23 MP: 3/3
  1668 | D:2      | Reached skill level 4 in Maces & Flails
  1693 | D:2      | Reached XP level 4. HP: 24/28 MP: 4/4
  2054 | D:3      | Reached skill level 5 in Maces & Flails
  2054 | D:3      | Reached XP level 5. HP: 22/32 MP: 5/5
  3252 | D:4      | Learned a level 3 spell: Mephitic Cloud
  3413 | D:4      | Found a staircase to the Ecumenical Temple.
  3446 | Temple   | Entered the Ecumenical Temple
  3451 | Temple   | Became a worshipper of the Shining One
  3604 | D:4      | Found a runed translucent door.
  3615 | D:4      | Reached skill level 6 in Maces & Flails
  3628 | D:4      | Reached XP level 6. HP: 37/37 MP: 6/6
  3695 | D:4      | Noticed Tribosh's ghost (amateur DsHu)
  3706 | D:4      | Killed Tribosh's ghost
  3747 | D:4      | Got Mittytak's Handbook of the Supportive Birds
  4173 | D:5      | Entered Level 5 of the Dungeon
  4240 | D:5      | Reached skill level 7 in Maces & Flails
  4240 | D:5      | Reached XP level 7. HP: 31/41 MP: 7/7
  4381 | D:5      | Reached skill level 8 in Maces & Flails
  4871 | D:5      | Found a sparkling altar of Nemelex Xobeh.
  4874 | D:5      | Found a snail-covered altar of Cheibriados.
  4877 | D:5      | Found an ornate altar of the Wu Jian Council.
  4880 | D:5      | Found a burning altar of Makhleb.
  5457 | D:6      | Reached skill level 9 in Maces & Flails
  5457 | D:6      | Reached XP level 8. HP: 17/46 MP: 8/8
  5772 | D:6      | Noticed Grinder
  5789 | D:6      | Paralysed by Grinder for 3 turns
  5807 | D:6      | Killed Grinder
  6107 | D:6      | Reached skill level 10 in Maces & Flails
  6309 | D:6      | Reached XP level 9. HP: 53/53 MP: 9/9
  6412 | D:7      | Reached skill level 5 in Fighting
  6412 | D:7      | Reached skill level 5 in Armour
  6734 | D:7      | Reached skill level 1 in Dodging
  7016 | D:7      | Identified the +1 scale mail of Gallantry {Int+5}
  7214 | D:7      | Reached skill level 11 in Maces & Flails
  7227 | D:8      | Reached * piety under the Shining One
  7984 | D:8      | Reached skill level 5 in Shields
  8024 | D:7      | Reached XP level 10. HP: 23/59 MP: 10/10
  8229 | D:7      | Reached skill level 12 in Maces & Flails
  8534 | D:8      | Found a broken altar of Ashenzari.
  8546 | D:8      | Noticed Psyche
  8577 | D:8      | Slain by Psyche

Illustrated notes

Levels and vault maps discovered:
D:1:      shiori_arrival_elements, layout_basic,
          hellmonk_ecumenical_altar_inner_sanctum, minmay_misc_feat_hallway,
          kennysheep_nondescript
D:2:      layout_rooms, st_stairs_9
D:3:      layout_basic
D:4:      layout_basic, minmay_temple_entry_junction,
          ebering_ghost_reflecting_pool
D:5:      layout_loops_ring, grunt_temple_overflow_cloverleaf,
          serial_bayou_lake_a
D:6:      layout_basic, minmay_misc_feat_iff, minmay_manual_mares, uniq_grinder
D:7:      layout_basic, lemuel_flamethrower_2
D:8:      layout_cave_pools, mainiacjoe_overflow_catwalk,
          mainiacjoe_overflow_concentric_impassable, minmay_lindwurm_lava,
          uniq_psyche
Temple:   nicolae_temple_elliptical

Skill      XL: |  1  2  3  4  5  6  7  8  9 10 |
---------------+-------------------------------+-----
Maces & Flails | 3 4 5 6 7 9 10 11 12 | 12.3
Fighting       | 4 5 |  5.0
Armour         | 4 5 |  5.0
Dodging        | 3 |  3.7
Shields        | 5 |  5.0

Action                   |  1- 3 |  4- 6 |  7- 9 | 10-12 || total
-------------------------+-------+-------+-------+-------++-------
Melee: Flail             |   121 |   217 |   348 |    50 ||   736
  Use: Scroll            |       |     3 |       |     1 ||     4
Armor: Chain mail        |    70 |   163 |   336 |    36 ||   605
       Scale mail        |     3 |       |       |       ||     3
       Skin              |       |       |       |     7 ||     7
Dodge: Dodged            |    62 |   106 |   173 |    23 ||   364
Block: Buckler           |    31 |    82 |   111 |     8 ||   232

Table legend: (Time is in decaauts)
 A = Elapsed time spent in this place.
 B = Non-inter-level travel time spent in this place.
 C = Inter-level travel time spent in this place.
 D = Time resting spent in this place.
 E = Time spent auto-exploring this place.
 F = Levels seen in this place.
 G = Mean time per level.
                   A        B        C        D        E       F      G
               +--------+--------+--------+--------+--------+-----+--------+
         Total |   8683 |   8397 |    286 |    678 |   5987 |   9 |  964.8 |
       Dungeon |   8526 |   8248 |    278 |    678 |   5858 |   8 | 1065.8 |
        Temple |    156 |    148 |      8 |      0 |    129 |   1 |  156.0 |
               +--------+--------+--------+--------+--------+-----+--------+

Top non-repeatable levels by time:
     D:7: 1524 daAuts
     D:5: 1182 daAuts
     D:3: 1179 daAuts
     D:1: 1148 daAuts
     D:6: 1097 daAuts
     D:2: 918 daAuts
     D:4: 844 daAuts
     D:8: 631 daAuts
  Temple: 156 daAuts
